 Dungeon Crawl Stone Soup version 0.27.1-34-g3ba077fa99 (webtiles) character file.

Game seed: 6958503484709360946

2011 belegose the Cudgeller (level 9, -5/89 HPs)
             Began as a Troll Monk on Jan 5, 2022.
             Was an Elder of Zin.
             Slain by a killer bee (7 damage)
             ... on level 7 of the Dungeon.
             The game lasted 00:18:54 (7091 turns).

belegose the Cudgeller (Troll Monk)                 Turns: 7091, Time: 00:18:54

Health: -5/89      AC:  6    Str: 22 (23) XL:     9   Next: 2%
Magic:  9/10       EV:  8    Int:  7 (9)  God:    Zin [****..]
Gold:   251        SH:  9    Dex: 11 (13) Spells: 8/8 levels left

rFire    . . .     SeeInvis .   b - +3 dagger (venom)
rCold    . . .     Faith    .   r - +0 kite shield
rNeg     . . .     Spirit   .   t - +0 robe
rPois    ∞         Reflect  .   m - +2 hat
rElec    .         Harm     .   (no cloak)
rCorr    +         Rampage  .   (gloves unavailable)
Will     .....                  (boots unavailable)
Stlth    +.........             (no amulet)
HPRegen  1.24/turn              i - ring of resist corrosion
MPRegen  0.12/turn              (no ring)

@: vitalised, flying
A: large, unfitting armour, claws 3, regeneration 1, shaggy fur 1, tough skin 1
a: Renounce Religion, Recite, Vitalisation, Imprison, Donate Gold


You were on level 7 of the Dungeon.
You worshipped Zin.
Zin was greatly pleased with you.
You visited 2 branches of the dungeon, and saw 8 of its levels.
You also visited: Ossuary.

You collected 332 gold pieces.
You spent 54 gold pieces at shops.
You donated 27 gold pieces to Zin.

Inventory:

Hand Weapons
 a - a +4 flail
 b - a +3 dagger of venom (weapon)
Missiles
 g - 127 stones
 j - 6 boomerangs (quivered)
 D - 3 javelins
Armour
 m - a +2 hat (worn)
 r - a +0 kite shield (worn)
 t - a +0 robe (worn)
Magical Staves
 o - a staff of death
Jewellery
 i - a ring of resist corrosion (left claw)
Wands
 l - a wand of iceblast (3)
Scrolls
 e - 2 scrolls of magic mapping
 h - 5 scrolls of identify
 k - a scroll of enchant weapon
 x - a scroll of teleportation {unknown}
 y - a scroll of torment {unknown}
 B - a scroll of brand weapon {unknown}
Potions
 n - 2 potions of lignification {unknown}
 p - 3 potions of degeneration
 q - a potion of attraction {unknown}
 u - 2 potions of magic {unknown}
 v - 2 potions of heal wounds
 w - a potion of might
 z - a potion of haste {unknown}


   Skills:
 + Level 6.2 Fighting
 + Level 6.8 Maces & Flails
 + Level 1.5 Throwing
 - Level 2.4 Dodging
 - Level 1.0 Stealth
 + Level 4.0 Shields
 + Level 3.2 Invocations


You had 8 spell levels left.
You didn't know any spells.
Your spell library contained the following spells:

 Spells                   Type           Power      Damage    Failure   Level
 Dazzling Flash           Conj/Hex       0%         N/A       99%         3
 Ozocubu's Armour         Ice            0%         N/A       99%         3
 Agony                    Necr           0%         N/A       100%        5
 Metabolic Englaciation   Hex/Ice        0%         N/A       100%        5
 Silence                  Hex/Air        0%         N/A       100%        5
 Simulacrum               Ice/Necr       0%         N/A       100%        6


Dungeon Overview and Level Annotations

Branches:
Dungeon (7/15)             Temple (1/1) D:5         Ossuary (visited)

Altars:
Ashenzari
Cheibriados
Elyvilon
Fedhas
Gozag
Hepliaklqana
Kikubaaqudgha
Makhleb
Nemelex Xobeh
Okawaru
Qazlal
Ru
Trog
Uskayaw
Vehumet
Wu Jian
Xom
Yredelemnul
Zin

Shops:
D:1 **:   D:4 *

Annotations:
D:3 2 transporters, Azken's ghost, amateur NaAM
D:6 exclusion: sky beast


Innate Abilities, Weirdness & Mutations

You are too large for most types of armour.
You have claws for hands.
Your natural rate of healing is unusually fast.
You are covered in fur. (AC +1)
You have tough skin. (AC +1)


Message History

Unknown command.
You puncture the killer bee!
The killer bee is poisoned.
The killer bee is severely wounded.
The killer bee barely misses you. You block the killer bee's attack.
The killer bee barely misses you. The killer bee stings you.
* * * LOW HITPOINT WARNING * * *
The killer bee stings you.
* * * LOW HITPOINT WARNING * * *
Your divine stamina protects you from poison!
You closely miss the killer bee.
The killer bee is almost dead.
You kill the killer bee!
You block the killer bee's attack. x2
Your Shields skill increases to level 4!
Unknown command.
You block the killer bee's attack. The killer bee barely misses you.
You see here a killer bee corpse.
Unknown command.
The killer bee stings you but does no damage.
The killer bee stings you.
* * * LOW HITPOINT WARNING * * *
The killer bee barely misses you.
Unknown command.
Unknown command.
The killer bee barely misses you. The killer bee stings you!
* * * LOW HITPOINT WARNING * * *
The killer bee closely misses you.
Unknown command.
The killer bee stings you.
* * * LOW HITPOINT WARNING * * *
You block the killer bee's attack.
Unknown command.
Unknown command.
You block the killer bee's attack. x2
Unknown command.
You miss the killer bee. The killer bee completely misses you.
The killer bee closely misses you. The killer bee stings you.
* * * LOW HITPOINT WARNING * * *
You block the killer bee's attack. The killer bee stings you!
You die...

#..# #..# #...
##### #..# ###...#
#..## ###.....#
#..###....(..#
#...........#
##...y......#
#.†..y@.....#
#..†..Z......#
#............##
#...........##
#.........### ###.
##........## #....
##.....#..####.....
########..#.......
##.........


You could see 2 killer bees and a howler monkey zombie.

Vanquished Creatures
  Menkaure (D:6)
  Duvessa (D:6)
  An ice beast (D:5)
  A sky beast (D:7)
  A black bear (D:6)
  An ogre (D:6)
  2 centaurs
  Dowan (D:6)
  3 water moccasin zombies
  A scorpion (D:6)
  2 water moccasin skeletons
  A wyvern skeleton (D:6)
  4 killer bees
  2 howler monkeys (D:6)
  A bullfrog zombie (D:5)
  A hound (D:4)
  2 gnoll shamans (D:5)
  An orc priest (D:5)
  Natasha (D:2)
  2 iguanas
  An orc wizard (D:4)
  A killer bee zombie (D:7)
  A hound skeleton (D:5)
  2 mummies (Ossuary)
  10 gnolls
  6 adders
  A shadow imp (D:5)
  3 ufetubi
  4 adder zombies (Ossuary)
  A worm (D:2)
  2 dart slugs
  7 orcs (D:5)
  5 ball pythons
  4 endoplasms
  A giant cockroach (D:3)
  8 gnoll zombies (Ossuary)
  6 goblins (D:1)
  2 hobgoblins
  3 jackals (D:1)
  4 quokkas
  2 bats (D:1)
  4 frilled lizards
  7 hobgoblin zombies (Ossuary)
  6 kobolds
  3 kobold zombies (Ossuary)
  4 orc zombies (Ossuary)
  5 rats
133 creatures vanquished.

Notes
Turn   | Place    | Note
-------+----------+-------------------------------------------
     0 | D:1      | belegose the Troll Monk began the quest for the Orb.
     0 | D:1      | Reached XP level 1. HP: 22/22 MP: 0/0
   175 | D:1      | Reached XP level 2. HP: 29/29 MP: 1/1
   397 | D:1      | Found Opsig's General Store.
   443 | D:1      | Found Saqeyl's Book Shoppe.
   549 | D:1      | Found Bommimn's General Store.
   576 | D:1      | Reached XP level 3. HP: 34/37 MP: 2/2
   933 | D:2      | Noticed Natasha
  1344 | D:2      | Reached XP level 4. HP: 32/45 MP: 3/3
  1611 | D:3      | Noticed an ogre
  1612 | D:3      | Found a transporter.
  1612 | D:3      | Noticed an ogre
  1613 | D:3      | Identified the +4 great mace of Radicalism {vorpal, *Rage
                  | Str+7 Dex-5 SInv}
  1613 | D:3      | Noticed an ogre
  1613 | D:3      | Noticed Azken's ghost (amateur NaAM)
  1615 | D:3      | Found a transporter.
  1727 | D:3      | Found a faded altar of an unknown god.
  2033 | D:2      | Killed Natasha
  2217 | D:4      | Found an iron altar of Okawaru.
  2301 | D:4      | Found Fowac's Lightly-Used Armoury.
  2415 | D:4      | Reached XP level 5. HP: 54/54 MP: 4/4
  2476 | D:4      | Found a shimmering altar of Xom.
  2477 | D:4      | Found a hazy altar of Hepliaklqana.
  2478 | D:4      | Noticed a spectral ugly thing
  3008 | D:5      | Entered Level 5 of the Dungeon
  3069 | D:5      | Found a staircase to the Ecumenical Temple.
  3119 | Temple   | Entered the Ecumenical Temple
  3563 | D:5      | Reached XP level 6. HP: 46/63 MP: 5/5
  3651 | D:5      | Reached skill level 5 in Maces & Flails
  3752 | D:1      | Bought a +0 kite shield for 54 gold pieces
  4177 | D:5      | Noticed an ice beast
  4254 | D:5      | Killed an ice beast
  4255 | D:5      | Reached skill level 1 in Shields
  4255 | D:5      | Reached XP level 7. HP: 29/71 MP: 6/6
  4412 | D:5      | Reached skill level 5 in Fighting
  4803 | D:6      | Found a basalt altar of Yredelemnul.
  4903 | D:6      | Noticed Dowan
  4903 | D:6      | Noticed Duvessa
  4926 | D:6      | Killed Duvessa
  4930 | D:6      | Killed Dowan
  4955 | D:6      | Found a glowing silver altar of Zin.
  4958 | D:6      | Became a worshipper of Zin the Law-Giver
  4958 | D:6      | Reached * piety under Zin
  4958 | D:6      | Reached ** piety under Zin
  5059 | D:6      | Found a sand-covered staircase.
  5067 | Ossuary  | Entered an ossuary
  5095 | Ossuary  | Reached *** piety under Zin
  5207 | Ossuary  | Reached skill level 1 in Invocations
  5211 | Ossuary  | Reached XP level 8. HP: 81/81 MP: 7/7
  5416 | D:6      | Reached **** piety under Zin
  5847 | D:6      | Noticed Menkaure
  5850 | D:6      | Killed Menkaure
  6337 | D:6      | Found a basalt altar of Yredelemnul.
  6429 | D:6      | Found a glowing silver altar of Zin.
  6942 | D:6      | Reached skill level 1 in Throwing
  7077 | D:7      | Reached XP level 9. HP: 30/89 MP: 7/10
  7089 | D:7      | HP: 3/89 [killer bee (4)]
  7091 | D:7      | Slain by a killer bee

Illustrated notes

Levels and vault maps discovered:
D:1:      heliophobic_arrival_henge, layout_basic, serial_shops,
          nicolae_shop_stone, shop, shop, due_unseen_surprise
D:2:      layout_rooms, nrook_mini_vaults, uniq_natasha
D:3:      layout_basic, gammafunk_ghost_smash,
          dreamdust_ecumenical_altar_statues, nrook_campfire
D:4:      layout_loops_corners, okawaru_ov_weapons_minmay,
          regret_index_temple_of_mockery, minmay_shop_damaged
D:5:      layout_loops_corners, minmay_temple_entry_butterflies,
          small_statue_intersection, st_stairs_8
D:6:      layout_loops_ring, zin_statuary, yredelemnul_altar_generic,
          chequers_ossuary_entry_cave, grunt_ministairs_6, uniq_duvessa,
          uniq_menkaure
D:7:      layout_cave_pods, mainiacjoe_overflow_catwalk, centaur_isle
Temple:   eino_temple_water

Skill      XL: |  1  2  3  4  5  6  7  8  9 |
---------------+----------------------------+-----
Maces & Flails | 3 4 5 6 |  6.8
Fighting       | 3 4 5 6 |  6.2
Shields        | 1 2 3 4 |  4.0
Invocations    | 1 3 |  3.2
Throwing       | 1 |  1.5
Dodging        | |  2.4
Stealth        | |  1.0

Action                   |  1- 3 |  4- 6 |  7- 9 || total
-------------------------+-------+-------+-------++-------
Melee: Mace              |   128 |   172 |    41 ||   341
       Flail             |       |       |   188 ||   188
       Dagger            |       |       |    33 ||    33
Throw: Javelin           |       |       |     3 ||     3
       Boomerang         |       |       |     3 ||     3
Invok: Vitalisation      |       |       |     2 ||     2
       Recite            |       |       |     1 ||     1
Evoke: Wand              |       |       |     2 ||     2
  Use: Potion            |       |       |     5 ||     5
       Scroll            |       |       |     6 ||     6
 Stab: Sleeping          |     2 |     3 |     1 ||     6
       Distracted        |       |       |     1 ||     1
Armor: Robe              |    36 |    94 |    91 ||   221
Dodge: Dodged            |    88 |    75 |   121 ||   284
Block: Kite shield       |       |    20 |   148 ||   168
